 Seeded DCSS version 0.30-a0-368-g86fb4627a9 (webtiles) character file.

Game seed: 4866231847754521613 (custom seed)

39 purpskrrrp the Conjurer (level 3, -2/19 HPs)
             Began as a Deep Elf Conjurer on Nov 18, 2022.
             Slain by an iguana (12 damage)
             ... on level 2 of the Dungeon.
             The game lasted 00:01:18 (1144 turns).

purpskrrrp the Conjurer (Deep Elf Conjurer)         Turns: 1144, Time: 00:01:19

Health: -2/19      AC:  2    Str:  4    XL:     3   Next: 28%
Magic:  9/11       EV: 12    Int: 24    God:
Gold:   59         SH:  0    Dex: 13    Spells: 8/11 levels left

rFire   . . .      SeeInvis .    h - +0 great mace
rCold   . . .      Faith    .    (shield currently unavailable)
rNeg    . . .      Spirit   .    a - +0 robe
rPois   .          Reflect  .    (no helmet)
rElec   .          Harm     .    (no cloak)
rCorr   .          Rampage  .    (no gloves)
Will    .....                    (no boots)
Stlth   ++........               (no amulet)
HPRegen 0.23/turn                (no ring)
MPRegen 0.12/turn                (no ring)

@: no status effects
A: no striking features
a: no special abilities


You were on level 2 of the Dungeon.
You visited 1 branch of the dungeon, and saw 2 of its levels.

You collected 59 gold pieces.

Inventory:

Hand Weapons
 h - a +0 great mace (weapon)
Armour
 a - a +0 robe (worn)
Jewellery
 j - a ring of ice
 k - a ring of see invisible
Scrolls
 e - a scroll of enchant armour {unknown}
 f - 3 scrolls of teleportation {unknown}
 g - 2 scrolls of identify {unknown}
 i - 2 scrolls of magic mapping {unknown}
 m - a scroll of acquirement {unknown}
Potions
 b - a potion of magic
 c - 2 potions of mutation {unknown}
 d - a potion of degeneration {unknown}
 l - a potion of lignification {unknown}


   Skills:
 - Level 2.4 Dodging
 - Level 2.4 Stealth
 * Level 4.6 Spellcasting
 + Level 4.8 Conjurations


You had 8 spell levels left.
You knew the following spells:

 Your Spells              Type           Power      Damage    Failure   Level
a - Magic Dart            Conj           100%       1d8       1%          1
b - Searing Ray           Conj           56%        2d6       1%          2

Your spell library contained the following spells:

 Spells                   Type           Power      Damage    Failure   Level
 Dazzling Flash           Conj/Hex       34%        N/A       11%         3
 Fulminant Prism          Conj/Hex       8%         3d7       34%         4
 Iskenderun's Mystic Bla  Conj/Tloc      17%        2d5       34%         4


Dungeon Overview and Level Annotations

Branches:
Dungeon (2/15)

Altars:


Message History

Found 4 gold pieces and a sling.
There is a stone staircase leading up here.
The magic dart hits the rat.
You kill the rat!
The magic dart hits the bat!
You kill the bat!
No target in view!
No target in view!
No target in view!
No target in view!
No target in view!
No target in view!
No target in view!
No target in view!
No target in view!
No target in view!
No target in view!
No target in view!
No target in view!
No target in view!
Magic restored.
You now have 59 gold pieces (gained 4).
An iguana comes into view.
Found 12 gold pieces.
The iguana hisses angrily.
An iguana is nearby!
An iguana is nearby!
An iguana is nearby!
The magic dart hits the iguana.
The iguana is lightly wounded.
The magic dart hits the iguana.
The iguana is moderately wounded.
You hit the iguana.
The iguana is heavily wounded.
The iguana bites you!
You barely miss the iguana.
The iguana is heavily wounded.
The iguana bites you!
Ouch! That really hurt!
You die...

#.............
#.######.......
#.# #........†.
#.# #.#####<..#
#.# #.# #...#
#.# #.# #####
#.# #.#
#####.###.###
#.@.........#
#l###.###.#.#
#. #.# #.#.# #.
#.# #.#.# #.
#.# #.#.# #$
#.# #.#.# #.
#.# #.#.# #.
#.# #.#.# #.#


You could see an iguana.

Vanquished Creatures
  2 dart slugs (D:1)
  3 endoplasms (D:1)
  3 goblins (D:1)
  2 hobgoblins (D:1)
  4 jackals (D:1)
  3 kobolds (D:1)
  A quokka (D:1)
  2 ball pythons (D:1)
  7 bats
  A frilled lizard (D:1)
  5 rats
33 creatures vanquished.

Notes
Turn   | Place    | Note
-------+----------+-------------------------------------------
     0 | D:1      | purpskrrrp the Deep Elf Conjurer began the quest for the
                  | Orb.
     0 | D:1      | Reached XP level 1. HP: 10/10 MP: 6/6
   238 | D:1      | Reached XP level 2. HP: 15/15 MP: 4/8
   607 | D:1      | Reached XP level 3. HP: 19/19 MP: 7/10
  1066 | D:1      | Learned a level 2 spell: Searing Ray
  1144 | D:2      | Slain by an iguana

Illustrated notes

Levels and vault maps discovered:
D:1:      dpeg_arrival_arbitrary_c, layout_basic
D:2:      layout_loops_ring, kennysheep_minor_cross

Skill      XL: |  1  2 |
---------------+-------+-----
Spellcasting   | 4 |  4.6
Dodging        | |  2.4
Stealth        | |  2.4
Conjurations   | |  4.8

Action                   || total
-------------------------++-------
Melee: Great mace        ||    21
 Cast: Magic Dart        ||    52
Armor: Robe              ||     9
Dodge: Dodged            ||    17

Table legend: (Time is in decaauts)
 A = Elapsed time spent in this place.
 B = Non-inter-level travel time spent in this place.
 C = Inter-level travel time spent in this place.
 D = Time resting spent in this place.
 E = Time spent auto-exploring this place.
 F = Levels seen in this place.
 G = Mean time per level.
                   A        B        C        D        E       F      G
               +--------+--------+--------+--------+--------+-----+--------+
         Total |   1157 |   1129 |     28 |      9 |    971 |   2 |  578.5 |
       Dungeon |   1157 |   1129 |     28 |      9 |    971 |   2 |  578.5 |
               +--------+--------+--------+--------+--------+-----+--------+

Top non-repeatable levels by time:
     D:1: 1107 daAuts
     D:2: 49 daAuts
